Map: Blood Boil LE

Players

llllllllllll (Zest) - Winner!

  • Race: Protoss Protoss
  • League: Master
  • Spawn Location: 11:00

Elazer

  • Race: Zerg Zerg
  • League: Master
  • Spawn Location: 5:00

Event: HomeStory Cup XV

VOD

Have the link to the VOD?

Description

Time

  • Played on: July 22, 2017, 1:48 p.m.
  • Length: 6:04

All games in this series

Show
View Real Time Build Order
Export as new Build Order

llllllllllll Protoss - Winner!

Build Orders: 1 Gate Expand 

Get SALT Encoding   

  12  0:00  Probe (Chrono Boost), Unknown  
  13  0:11  Probe (Chrono Boost)  
  14  0:18  Pylon  
  14  0:22  Probe (Chrono Boost)  
  15  0:36  Probe (Chrono Boost)  
  15  0:39  Gateway  
  16  0:46  Probe (Chrono Boost)  
  16  0:49  Assimilator  
  18  0:57  Probe (Chrono Boost)  
  18  1:07  Probe (Chrono Boost)  
  19  1:23  Nexus  
  19  1:26  Probe (Chrono Boost)  
  20  1:36  Cybernetics Core  
  20  1:39  Probe (Chrono Boost)  
  21  1:45  Assimilator  
  21  1:50  Probe (Chrono Boost)  
  22  1:55  Pylon  
  22  2:00  Probe (Chrono Boost)  
  23  2:13  Probe, Warp Gate  
  23  2:15  Stalker (Chrono Boost)  
  26  2:25  Probe  
  27  2:30  Robotics Facility  
  27  2:37  Probe x2 (Chrono Boost)  
  29  2:48  Probe x2 (Chrono Boost)  
  31  2:52  Twilight Council  
  32  2:58  Probe x2 (Chrono Boost)  
  33  3:08  Probe (Chrono Boost)  
  33  3:09  Probe (Chrono Boost)  
  35  3:14  Immortal (Chrono Boost)  
  39  3:25  Gateway  
  39  3:30  Charge (Chrono Boost)  
  39  3:32  Gateway  
  39  3:43  Gateway  
  39  3:45  Gateway  
  39  3:47  Warp Prism  
  39  3:53  Gateway  
  41  3:58  Gateway  
  41  4:04  Gateway  
  41  4:10  Pylon  
  41  4:11  Pylon  
  41  4:16  Probe x2  
  43  4:17  Pylon  
  43  4:23  Zealot  
  45  4:31  Pylon  
  45  4:32  Zealot  
  47  4:42  Probe  
  48  4:50  Zealot  
  48  4:51  Zealot  
  48  4:54  Zealot x7  
  62  5:01  Pylon  
  62  5:02  Pylon  
  62  5:15  Zealot x3  
  62  5:16  Zealot x3  
  68  5:29  Zealot x2  
  68  5:35  Zealot x3  
  68  5:36  Zealot x2  
  68  5:40  Zealot  
Show
View Real Time Build Order
Export as new Build Order

Elazer Zerg 

Build Orders: Hatch First 

Get SALT Encoding   

  12  0:00  Unknown, Drone  
  13  0:13  Overlord  
  13  0:17  Drone  
  14  0:31  Drone x2  
  14  0:35  Drone  
  17  0:54  Hatchery  
  17  0:55  Drone  
  17  0:59  Drone  
  18  1:09  Extractor  
  17  1:15  Spawning Pool  
  17  1:18  Drone  
  17  1:22  Drone  
  18  1:31  Drone  
  19  1:41  Overlord  
  19  1:51  Drone  
  20  2:01  Queen, Drone  
  21  2:05  Queen  
  21  2:06  Zergling x2  
  26  2:11  Metabolic Boost  
  26  2:16  Drone  
  26  2:18  Drone  
  26  2:22  Drone  
  29  2:29  Drone  
  30  2:33  Drone  
  31  2:38  Drone  
  32  2:50  Hatchery  
  32  2:51  Zergling x2  
  32  2:55  Pneumatized Carapace  
  32  2:57  Drone  
  33  3:01  Overlord  
  33  3:06  Drone  
  33  3:07  Drone  
  35  3:16  Drone  
  35  3:19  Queen  
  36  3:20  Drone x2  
  36  3:23  Drone  
  36  3:24  Drone  
  42  3:27  Overlord  
  43  3:34  Zergling x2  
  43  3:44  Roach Warren  
  43  3:46  Overlord  
  43  3:48  Extractor, Drone x3  
  41  3:49  Drone x2  
  41  3:53  Zergling x2  
  41  3:55  Overlord  
  47  4:02  Queen  
  49  4:08  Queen  
  51  4:21  Overlord  
  51  4:24  Roach x5  
  61  4:26  Roach  
  61  4:28  Roach  
  65  4:33  Roach x2  
  65  4:35  Roach  
  70  4:40  Roach x2  
  70  4:43  Overlord  
  74  4:46  Roach  
  76  4:53  Roach x2  
  76  4:56  Overlord  
  76  4:59  Overlord  
  80  5:06  Extractor  
  79  5:15  Overlord  
  79  5:21  Roach x2  
  77  5:23  Zergling x6  
  71  5:29  Zergling x10  
  71  5:32  Roach  
  65  5:37  Roach  
  65  5:40  Roach  
  52  5:43  Zergling x4  
Tags
 
Add a new tag
Caveats
  • Supply blocks, unpowered buildings, or Contaminate may cause inaccurate times.
  • Supply counts are checked every 10 seconds.